 Dungeon Crawl Stone Soup version 0.31.0-32-g396128a36d (webtiles) character file.

Game seed: 5514305366261396647

71 acarine the Trooper (level 4, -3/7 HPs)
             Began as an Oni Gladiator on Apr 9, 2024.
             Was a Follower of Trog.
             Slain by an orc wizard
             ... wielding a +0 dagger
              (4 damage)
             ... on level 3 of the Dungeon.
             The game lasted 00:03:56 (1934 turns).

acarine the Trooper (Oni Gladiator)                 Turns: 1934, Time: 00:03:56

Health: -3/7       AC:  1    Str: 20    XL:     4   Next: 24%
Magic:  4/4        EV: 10    Int:  9    God:    Trog [*.....]
Gold:   103        SH:  0    Dex: 10    Spells: 3/3 levels left

rFire   . . .        a - +0 flail
rCold   . . .        (no shield)
rNeg    . . .        b - melded +0 robe
rPois   .            c - +0 hat
rElec   .            (no cloak)
rCorr   .            (gloves unavailable)
SInv    .            (boots unavailable)
Will    .....        (no amulet) Stlth
                     (no ring)
HPRegen 0.21/turn    (no ring)
MPRegen 0.09/turn

%: no passive effects
@: berserking, maw-form, very quick
A: devouring maw, reduced hp, large, unfitting armour, horns 1, tough skin 1,
double potion healing, drunken brawling
a: Begin Untransformation, Renounce Religion, Berserk


You were on level 3 of the Dungeon.
You worshipped Trog.
Trog was aware of your devotion.
You were a creature with a mouth for a stomach.
You visited 1 branch of the dungeon, and saw 3 of its levels.

You collected 149 gold pieces.
You spent 46 gold pieces at shops.

Inventory:

Hand Weapons
 a - a +0 flail (weapon)
Missiles
 d - 5 throwing nets
 e - a large rock
 f - 6 javelins (quivered)
Armour
 b - a +0 robe (melded)
 c - a +0 hat (worn)
Jewellery
 q - a ring of flight
Talismans
 o - a flux talisman
 p - a maw talisman (active)
Wands
 r - a wand of acid (8)
Scrolls
 g - a scroll of amnesia {unknown}
 h - 2 scrolls of immolation
 j - a scroll of vulnerability {unknown}
 k - a scroll of noise {unknown}
 n - a scroll of torment {unknown}
 s - a scroll of acquirement {unknown}
 u - a scroll of poison {unknown}
Potions
 i - a potion of heal wounds {unknown}
 l - a potion of curing {unknown}
 m - a potion of mutation
 t - a potion of lignification {unknown}


   Skills:
 + Level 4.0 Fighting
 + Level 3.7 Maces & Flails
 - Level 2.0 Throwing
 - Level 3.3 Dodging
 + Level 0.1 Shapeshifting


You had 3 spell levels left.
You didn't know any spells.
Your spell library was empty.

Dungeon Overview and Level Annotations

Branches:
Dungeon (3/15)

Altars:
Trog

Shops:
D:1 (   D:2 *


Innate Abilities, Weirdness & Mutations

You are a creature with a mouth for a stomach.
Your midsection houses a second, enormous mouth.
Your maximum health is decreased, since you lack skill for your form.
You are too large for most types of armour.
You have a pair of small horns on your head.
You have tough skin. (AC +1)
You gain doubled healing and magic from potions.
Whenever you drink a healing potion, you attack all around you.


Message History

The orc wizard shouts!
The orc wizard gestures at you while chanting.
You are confused.
You are too confused!
You are too confused!
You are too confused!
You are too confused!
You bump into the rock wall.
The orc wizard hits you but does no damage.
You miss the orc wizard. The orc wizard closely misses you.
The orc wizard hits you with a +0 dagger.
You bump into the rock wall.
The orc wizard hits you but does no damage.
You bump into the rock wall.
The orc wizard hits you but does no damage.
You miss the orc wizard. Your headbutt misses the orc wizard.
You feel less confused.
The orc wizard hits you with a +0 dagger.
You closely miss the orc wizard.
You headbutt the orc wizard, but do no damage.
The orc wizard barely misses you.
An orc wizard is nearby!
The orc wizard hits you with a +0 dagger.
You begin transforming.
You continue transforming.
The orc wizard barely misses you.
You continue transforming.
The orc wizard mumbles some strange words.
The orc wizard flickers and vanishes!
Deactivating autopickup; reactivate with Ctrl-A.
You continue transforming.
Something hits you.
You turn into a creature with a mouth for a stomach.
Your +0 robe melds into your body.
You miss something. Something hits you.
Ouch! That really hurt!
* * * LOW HITPOINT WARNING * * *
A red film seems to cover your vision as you go berserk!
You feel yourself moving faster!
You feel mighty! Something hits you.
Ouch! That really hurt!
You die...

### ..# #.#
#.# ##.## ...#
#..## #.
#.###{..# #.#
#...W...# #.#
#.###...#
###.#####.#
#.###
.........# #)#
#......# #)#
#####......#
#.#
..##...†..#
#.# #
#.##<.....#
#.#
#.##.##.######
#.#


There were no monsters in sight!

Vanquished Creatures
  3 gnolls (D:2)
  A dart slug (D:2)
  2 orcs (D:3)
  8 ball pythons
  5 endoplasms
  2 giant cockroaches (D:1)
  4 hobgoblins
  A quokka (D:1)
  3 bats (D:1)
  2 frilled lizards
  3 kobolds
  4 rats
38 creatures vanquished.

Notes
Turn   | Place    | Note
-------+----------+-------------------------------------------
     0 | D:1      | acarine the Oni Gladiator began the quest for the Orb.
     0 | D:1      | Reached XP level 1. HP: 22/22 MP: 1/1
   107 | D:1      | Reached skill level 3 in Fighting
   185 | D:1      | Reached XP level 2. HP: 31/31 MP: 2/2
   359 | D:1      | Found a faded altar of an unknown god.
   447 | D:1      | Prayed at the altar of an unknown god.
   447 | D:1      | Became a worshipper of Trog the Wrathful
   447 | D:1      | Reached * piety under Trog
   759 | D:1      | Found Qenwe Puuxt's Antique Weapon Emporium.
   895 | D:2      | Found Zecim's Assorted Antiques.
   905 | D:2      | Bought a fizzy inky potion for 23 gold pieces
   905 | D:2      | Bought an inky potion for 23 gold pieces
   929 | D:2      | Reached XP level 3. HP: 37/37 MP: 3/3
  1261 | D:2      | Reached XP level 4. HP: 47/48 MP: 4/4
  1870 | D:3      | Reached skill level 4 in Fighting
  1934 | D:3      | Slain by an orc wizard

Illustrated notes

Levels and vault maps discovered:
D:1:      mrwooster_arrival_statue_2, layout_loops_ring, serial_shops,
          nicolae_shop_peninsula, hellmonk_ecumenical_altar_blasted
D:2:      layout_basic, serial_shops, nicolae_shop_getting_attention
D:3:      minmay_octagon_keep, layout_loops_cross, tso_metal_star

Skill      XL: |  1  2  3  4 |
---------------+-------------+-----
Fighting       | 3 4 |  4.0
Dodging        | 3 |  3.3
Maces & Flails | |  3.7
Throwing       | |  2.0
Shapeshifting  | |  0.1

Action                     |  1- 3 |  4- 6 || total
---------------------------+-------+-------++-------
  Melee: Flail             |    71 |    19 ||    90
         Headbutt          |     9 |     5 ||    14
  Throw: Javelin           |     6 |       ||     6
 Invoke: Berserk           |     1 |     1 ||     2
    Use: Scroll            |     1 |       ||     1
   Stab: Sleeping          |     1 |       ||     1
 Armour: Robe              |    50 |    13 ||    63
         Skin              |       |     2 ||     2
  Dodge: Dodged            |    44 |     6 ||    50
   Form: Maw               |       |     1 ||     1
